 Dungeon Crawl Stone Soup version 0.31-a0-691-g409c26aa35 (webtiles) character file.

Game seed: 8532672278701473794

182 qw the Shooter (level 5, -6/32 HPs)
             Began as a Gargoyle Hunter on Sept 6, 2023.
             Mangled by a kobold brigand
             ... wielding a +1 dagger of speed
              (8 damage)
             ... on level 4 of the Dungeon.
             The game lasted 00:01:07 (2614 turns).

qw the Shooter (Gargoyle Hunter)                    Turns: 2614, Time: 00:01:07

Health: -6/32      AC:  9    Str: 15    XL:     5   Next: 62%
Magic:  5/5        EV: 11    Int:  9    God:
Gold:   159        SH:  0    Dex: 15    Spells: 4/4 levels left

rFire   . . .        Y - +1 shortbow
rCold   . . .        (shield currently unavailable)
rNeg    + . .        e - +0 ring mail
rPois   inf          (no helmet)
rElec   +            (no cloak)
rCorr   .            (no gloves)
SInv    .            (no boots)
Will    ++...        b - amulet of faith
Stlth   +            i - ring of willpower
HPRegen 0.25/turn    f - ring of willpower
MPRegen 0.09/turn

%: faith
@: no status effects
A: sickness immunity, AC +4, negative energy resistance 1, electricity
resistance, torment resistance 1, petrification resistance
a: no special abilities


You were on level 4 of the Dungeon.
You visited 1 branch of the dungeon, and saw 4 of its levels.

You collected 159 gold pieces.


Innate Abilities, Weirdness & Mutations

You are immune to sickness and miasma.
Your stone body is resilient. (AC +4)
You are immune to poison.
You resist negative energy. (rN+)
You are resistant to electric shocks. (rElec)
You are resistant to unholy torment.
You are immune to petrification.


   Skills:
 + Level 3.0 Fighting
 - Level 6.3 Ranged Weapons
 - Level 1.0 Armour
 - Level 1.5 Dodging
 - Level 1.1 Stealth


You had 4 spell levels left.
You didn't know any spells.
Your spell library was empty.

Inventory:

Hand Weapons
 Y - a +1 shortbow (weapon)
Armour
 e - a +0 ring mail (worn)
Jewellery
 b - an amulet of faith (around neck)
 f - a ring of willpower (right hand)
 h - a ring of fire
 i - a ring of willpower (left hand)
 k - a ring of resist corrosion
Scrolls
 c - a scroll of identify
 d - 2 scrolls of brand weapon {unknown}
 g - a scroll of amnesia {unknown}
Potions
 a - a potion of curing
 j - a potion of berserk rage {unknown}
 m - a potion of heal wounds {unknown}

Dungeon Overview and Level Annotations

Branches:
Dungeon (4/15)
 Temple: D:4-7

Altars:

Annotations:
D:2 1 runed translucent door, Crazy Yiuf
D:3 3 runed translucent doors, qw's ghost, amateur GrHu


Message History

The kobold brigand is severely wounded.
The kobold brigand misses you.
The kobold brigand hits you but does no damage.
You shoot an arrow.
The arrow closely misses the kobold brigand.
The arrow closely misses the kobold.
The kobold brigand hits you with a +1 dagger of speed!
The kobold brigand hits you but does no damage.
You shoot an arrow.
The arrow hits the kobold brigand but does no damage.
The kobold brigand is severely wounded.
The kobold brigand barely misses you.
The kobold brigand hits you with a +1 dagger of speed.
You shoot an arrow. The arrow hits the kobold brigand.
The kobold brigand is almost dead.
The kobold brigand closely misses you.
The kobold brigand hits you with a +1 dagger of speed.
You shoot an arrow.
The arrow barely misses the kobold brigand.
The arrow hits the kobold.
The kobold is heavily wounded.
The kobold brigand barely misses you. The kobold brigand closely misses you.
You shoot an arrow.
The arrow hits the kobold brigand but does no damage.
The kobold brigand is severely wounded.
The kobold brigand hits you with a +1 dagger of speed.
You shoot an arrow.
The arrow closely misses the kobold brigand.
The arrow hits the kobold but does no damage.
The kobold is heavily wounded.
The kobold brigand hits you but does no damage. x2
You shoot an arrow. The arrow hits the kobold brigand.
The kobold brigand is almost dead.
The kobold brigand hits you with a +1 dagger of speed.
The kobold brigand hits you but does no damage.
You shoot an arrow. The arrow hits the kobold brigand.
The kobold brigand is almost dead.
The kobold brigand closely misses you.
The kobold brigand hits you with a +1 dagger of speed!
You die...

#...#............
#...#............
#...#####........
#...####.........
+......<......... ##
#...####......... ...#######
#...# #......... .
~~...#...####...####.........
~~
~~~~......KK@.....>#.........
~~
~~~~#...#########.#.#######.
#~ ~####...# #.# .
K.#####.))..## #.#
.)...).)....# ##...).######
#######


You could see a kobold brigand and a kobold.

Vanquished Creatures
  A kobold brigand (D:4)
  2 adders
  A worm (D:3)
  A dart slug (D:1)
  5 ball pythons
  5 endoplasms
  8 goblins
  9 hobgoblins
  7 jackals
  11 kobolds
  3 quokkas
  9 bats
  13 frilled lizards
  8 rats
83 creatures vanquished.

Notes
Turn   | Place    | Note
-------+----------+-------------------------------------------
     0 | D:1      | qw the Gargoyle Hunter began the quest for the Orb.
     0 | D:1      | Reached XP level 1. HP: 12/12 MP: 1/1
     0 | D:1      | 0 ||| qw: Version: 0.3-a-76-g4403597
     0 | D:1      | 0 ||| qw: Game counter: 22
     0 | D:1      | 0 ||| qw: Melee chars always use a shield: true
     0 | D:1      | 0 ||| qw: God list: Okawaru
     0 | D:1      | 0 ||| qw: Allow faded altars: false
     0 | D:1      | 0 ||| qw: Do Orc after clearing Dungeon:15 true
     0 | D:1      | 0 ||| qw: Do second Lair branch before Depths: true
     0 | D:1      | 0 ||| qw: Lair rune preference: random
     0 | D:1      | 0 ||| qw: Goals: Normal
     0 | D:1      | 0 ||| PLANNING D:1-11
    78 | D:1      | Reached XP level 2. HP: 17/17 MP: 2/2
   433 | D:1      | Reached XP level 3. HP: 21/21 MP: 3/3
   489 | D:1      | Reached skill level 5 in Ranged Weapons
   518 | D:1      | 518 ||| Stepping ~*~*~tactically~*~*~ (outnumbered).
   520 | D:1      | 520 ||| Stepping ~*~*~tactically~*~*~ (outnumbered).
   584 | D:1      | Found a faded altar of an unknown god.
   635 | D:1      | 635 ||| UPGRADING to +0 ring mail.
   645 | D:1      | 645 ||| DROPPING +0 leather armour.
   646 | D:1      | 646 ||| READING 2 scrolls labelled HYIXTI SOETHRIVAA.
   647 | D:1      | 647 ||| READING scroll labelled NYKHLI EKHLASMU.
   648 | D:1      | 648 ||| READING scroll labelled UQE CONAZE.
   649 | D:1      | 649 ||| DROPPING scroll of vulnerability.
   650 | D:1      | 650 ||| DROPPING scroll of butterflies.
   916 | D:2      | Reached skill level 1 in Armour
  1049 | D:2      | Reached XP level 4. HP: 27/27 MP: 4/4
  1055 | D:2      | Reached skill level 3 in Fighting
  1370 | D:2      | Found a runed translucent door.
  1371 | D:2      | Noticed Crazy Yiuf
  1374 | D:2      | 1374 ||| UPGRADING to amulet of faith.
  1379 | D:2      | 1379 ||| UPGRADING to ring of resist corrosion.
  1380 | D:2      | 1380 ||| READING scroll labelled VUURGHO NINWUO.
  1381 | D:2      | 1381 ||| READING scroll labelled BIUZEYMUIG.
  1382 | D:2      | 1382 ||| DRINKING 2 fuming red potions.
  2107 | D:3      | Found a runed translucent gate.
  2107 | D:3      | Found a runed translucent gate.
  2107 | D:3      | Found a runed translucent gate.
  2108 | D:3      | Noticed qw's ghost (amateur GrHu)
  2406 | D:3      | 2406 ||| UPGRADING to ring of willpower.
  2407 | D:3      | 2407 ||| UPGRADING to ring of willpower.
  2409 | D:3      | 2409 ||| READING scroll labelled OKLUTEXO VUORYLAAF.
  2410 | D:3      | 2410 ||| READING scroll labelled OTOFATABOFYHE.
  2411 | D:3      | 2411 ||| READING 2 scrolls of identify.
  2411 | D:3      | 2411 ||| IDENTIFYING ruby potion
  2412 | D:3      | 2412 ||| DROPPING potion of degeneration.
  2517 | D:4      | Noticed a kobold brigand
  2537 | D:4      | Killed a kobold brigand
  2538 | D:4      | Reached skill level 6 in Ranged Weapons
  2538 | D:4      | Reached XP level 5. HP: 15/32 MP: 5/5
  2568 | D:4      | Noticed a kobold brigand
  2569 | D:4      | 2569 ||| FLEEEEING.
  2608 | D:4      | HP: 8/32 [kobold brigand/+1 dagger of speed (5)]
  2613 | D:4      | HP: 1/32 [kobold brigand/+1 dagger of speed (5)]
  2614 | D:4      | Mangled by a kobold brigand

Levels and vault maps discovered:
D:1:      lightli_arrival_isolated_outpost, layout_loops_cross,
          shapermc_ecumenical_altar_petra, dreamdust_wishing_well
D:2:      layout_loops_ring, uniq_crazy_yiuf_cottage
D:3:      layout_loops_corners, ebering_ghost_rock_garden, minmay_lizard_king
D:4:      cheibrodos_thug_alley, layout_basic, nicolae_gozag_zags_fifth_avenue

Skill      XL: |  1  2  3  4 |
---------------+-------------+-----
Ranged Weapons | 5 6 |  6.3
Armour         | 1 |  1.0
Fighting       | 3 |  3.0
Dodging        | |  1.5
Stealth        | |  1.1

Action                     |  1- 3 |  4- 6 || total
---------------------------+-------+-------++-------
   Fire: Shortbow          |   119 |   148 ||   267
    Use: Scroll            |     3 |     5 ||     8
         Potion            |       |     1 ||     1
 Armour: Leather armour    |    20 |       ||    20
         Ring mail         |    19 |    52 ||    71
  Dodge: Dodged            |    38 |    40 ||    78

Table legend:
 A = Non-vault XP
 B = Vault XP
 C = Vault XP percentage of total XP
 D = Non-vault monster count
 E = Vault monster count
 F = Vault count percentage of total count
                 A         B        C        D         E       F
            +---------+---------+-------+---------+---------+-------
      Total |     137 |     124 |  47.5 |      64 |      19 |  22.9
            +---------+---------+-------+---------+---------+-------
        D:1 |      47 |       0 |   0.0 |      27 |       0 |   0.0
        D:2 |      44 |       0 |   0.0 |      19 |       0 |   0.0
        D:3 |      46 |       9 |  16.4 |      18 |       9 |  33.3
        D:4 |       0 |     115 | 100.0 |       0 |      10 | 100.0
            +---------+---------+-------+---------+---------+-------
